 Dungeon Crawl Stone Soup version 0.28-a0-199-g298df9dbad (webtiles) character file.

Game seed: 8125857430599797374

598 omnomnOMINOUS the Caller (level 7, 0/48 HPs)
             Began as an Octopode Wanderer on Aug 19, 2021.
             Slain by a lemure (6 damage)
             ... led by Pikel
             ... on level 5 of the Dungeon.
             The game lasted 00:18:22 (6103 turns).

omnomnOMINOUS the Caller (Octopode Wanderer)        Turns: 6103, Time: 00:18:23

Health: 0/48       AC:  1    Str: 12    XL:     7   Next: 40%
Magic:  10/13      EV: 14    Int: 16    God:
Gold:   172        SH:  0    Dex: 11    Spells: 4/14 levels left

rFire   . . .      SeeInvis .   a - +1 whip (elec)
rCold   . . .      Faith    .   (no shield)
rNeg    . . .      Spirit   .   (helmet restricted)
rPois   .          Reflect  .   (no amulet)
rElec   .          Harm     .   (no ring)
rCorr   .          Rampage  .   (no ring)
Will    .....                   (no ring)
Stlth   ++........              (no ring)
HPRegen 0.16/turn               (no ring)
MPRegen 0.13/turn               (no ring)
                                (no ring)
                                (no ring)

@: hasted, very quick
A: almost no armour, amphibious, 8 rings, camouflage 1, gelatinous body 1,
(nimble swimmer 1), tentacles
a: no special abilities


You were on level 5 of the Dungeon.
You visited 1 branch of the dungeon, and saw 5 of its levels.

You collected 172 gold pieces.

Inventory:

Hand Weapons
 a - a +1 whip of electrocution (weapon)
 b - a +1 dagger of venom
 i - a +1 mace of protection
Missiles
 o - 2 boomerangs of dispersal
Magical Staves
 f - a staff of conjuration
Scrolls
 d - 3 scrolls of noise
 e - a scroll of fear
 h - a scroll of amnesia
 k - a scroll of teleportation
 l - a scroll of enchant armour
 m - a scroll of torment {unknown}
 n - a scroll of summoning {unknown}
 p - a scroll of enchant weapon {unknown}
 q - a scroll of vulnerability {unknown}
Potions
 c - a potion of haste
 g - a potion of brilliance
 j - 2 potions of flight


   Skills:
 + Level 4.3 Fighting
 - Level 1.0 Maces & Flails
 + Level 4.0 Dodging
 - Level 2.0 Shields
 - Level 4.0 Spellcasting
 * Level 4.6 Summonings
 - Level 1.1 Evocations


You had 4 spell levels left.
You knew the following spells:

 Your Spells              Type           Power      Damage    Failure   Level
a - Magic Dart            Conj           12%        1d3       17%         1
b - Call Imp              Summ           18%        N/A       3%          2
c - Call Canine Familiar  Summ           18%        N/A       8%          3
d - Summon Ice Beast      Ice/Summ       10%        N/A       54%         4

Your spell library contained the following spells:

 Spells                   Type           Power      Damage    Failure   Level
 Summon Small Mammal      Summ           72%        N/A       2%          1
 Summon Guardian Golem    Hex/Summ       10%        N/A       19%         3
 Blink                    Tloc           N/A        N/A       26%         2
 Slow                     Hex            3%         N/A       26%         2
 Conjure Flame            Conj/Fire      3%         6-21      45%         3
 Frozen Ramparts          Ice            6%         1d2       45%         3
 Ignite Poison            Fire/Tmut/Pois 3%         N/A       45%         3
 Mephitic Cloud           Conj/Pois/Air  3%         N/A       45%         3
 Ice Form                 Ice/Tmut       3%         N/A       86%         4
 Sticky Flame             Conj/Fire      3%         2d3       86%         4


Dungeon Overview and Level Annotations

Branches:
Dungeon (5/15)
 Temple: D:4-7

Altars:
Wu Jian

Annotations:
D:5 Pikel


Innate Abilities, Weirdness & Mutations

You cannot wear most types of armour.
You are amphibious.
You can wear up to eight rings at the same time.
Your skin changes colour to match your surroundings (Stealth+).
Your rubbery body absorbs attacks. (AC +1, EV +1)
((You are camouflaged near water. (Stealth+)))
You have tentacles for arms and can constrict up to eight enemies at once.


Message History

The lemure barely misses your shadow imp.
Your white imp hits the orc.
Your white imp freezes the orc.
The orc closely misses your white imp. The lemure closely misses you.
You barely miss Pikel.
Pikel is moderately wounded.
You constrict Pikel. You constrict the lemure.
Your hound barely misses the lemure.
The shadow imp shouts, "Back with thee, thou paunchy half-faced death-token!"
Your shadow imp hits the lemure.
Your iron imp hits the lemure.
The lemure hits your hound.
Your hound bites the lemure.
The orc barely misses your white imp.
Pikel hits you with a +1 whip of freezing!
Pikel freezes you. The lemure hits your shadow imp!
Your shadow imp dies!
Your white imp closely misses the orc.
The lemure hits you.
The orc hits your white imp but does no damage.
You feel yourself speed up.
You constrict Pikel, but do no damage. You constrict the lemure.
Your hound barely misses the lemure.
The lemure hits your hound.
Your iron imp hits the lemure but does no damage.
A sky beast comes into view.
The orc hits your iron imp with a +0 mace.
Pikel hits you with a +1 whip of freezing!
* * * LOW HITPOINT WARNING * * *
Pikel freezes you.
* * * LOW HITPOINT WARNING * * *
Your white imp hits the orc.
The orc dies!
The lemure barely misses you.
You hit Pikel but do no damage. You squeeze Pikel!
Pikel is heavily wounded.
You constrict Pikel. You constrict the lemure.
Your hound bites Pikel.
Your iron imp hits the lemure but does no damage.
Pikel barely misses your hound. The orc closely misses your hound.
Your white imp hits Pikel.
Your white imp freezes Pikel.
Unknown command.
You hit Pikel but do no damage. You squeeze Pikel, but do no damage.
Pikel is severely wounded.
You constrict Pikel. You constrict the lemure. The lemure hits you.
You die...

.h...........#.... ..
.............#.#.. ...
.....................
#...................
#...................
#.........##'#......
.####..5.......#.#......
...............#.#......
.......@.........###....
......K55..####..#......
.##...5h5..#....>.......
#..).o5o.#............
#........#............
#........####.........
#Y........ #.........
#..o........#.........
............#.........


You could see Pikel (ally target), a sky beast, 3 lemures, a shadow imp, 3 orcs,
a friendly hound (summoned), a friendly iron imp (summoned) and a friendly white
imp (summoned).

Vanquished Creatures
  A scorpion (D:5)
  A howler monkey (D:4)
  A hound (D:5)
  2 orc priests (D:5)
  An orc wizard (D:4)
  Robin (D:3)
  6 gnolls
  An adder (D:4)
  An adder skeleton (D:4)
  3 dart slugs
  A worm (D:3)
  19 orcs
  3 ball pythons
  3 endoplasms
  4 giant cockroaches
  16 goblins
  10 hobgoblins
  7 jackals (D:3)
  7 kobolds
  2 quokkas
  9 bats
  2 frilled lizards
  8 rats
109 creatures vanquished.

Vanquished Creatures (collateral kills)
  Sigmund (D:2)
  An ogre (D:5)
  A lemure (D:5)
  An orc wizard (D:4)
  4 gnolls
  4 orcs
  A kobold (D:4)
13 creatures vanquished.

Vanquished Creatures (others)
  An orc wizard (D:4)
1 creature vanquished.

Grand Total: 123 creatures vanquished

Notes
Turn   | Place    | Note
-------+----------+-------------------------------------------
     0 | D:1      | omnomnOMINOUS the Octopode Wanderer began the quest for the
                  | Orb.
     0 | D:1      | omnomnOMINOUS set off with the following items: a +0 hand
                  | axe, a potion of lignification; and the following spell
                  | memorised: Magic Dart; and the following spells available
                  | to memorise: Call Imp, Blink, Slow, Conjure Flame, Mephitic
                  | Cloud
     0 | D:1      | Reached XP level 1. HP: 14/14 MP: 5/5
   161 | D:1      | Reached XP level 2. HP: 15/19 MP: 7/7
   164 | D:1      | Learned a level 2 spell: Call Imp
   576 | D:1      | Reached XP level 3. HP: 22/25 MP: 8/8
  1851 | D:2      | Reached skill level 1 in Dodging
  2227 | D:2      | Noticed Sigmund
  2242 | D:2      | Killed Sigmund
  2243 | D:2      | Reached XP level 4. HP: 28/31 MP: 3/10
  2243 | D:2      | Reached XP level 5. HP: 32/36 MP: 3/11
  2433 | D:2      | Learned a level 3 spell: Call Canine Familiar
  3426 | D:3      | Found an ornate altar of the Wu Jian Council.
  3783 | D:3      | Noticed Robin
  3807 | D:3      | Killed Robin
  4041 | D:3      | Learned a level 4 spell: Summon Ice Beast
  4072 | D:4      | Reached XP level 6. HP: 31/42 MP: 8/12
  5038 | D:5      | Entered Level 5 of the Dungeon
  5067 | D:5      | Noticed a sky beast
  5480 | D:5      | Reached XP level 7. HP: 15/48 MP: 13/13
  6063 | D:5      | Noticed Pikel
  6103 | D:5      | Slain by a lemure

Illustrated notes

Levels and vault maps discovered:
D:1:      minmay_arrival_loop, layout_basic
D:2:      layout_rooms, chequers_serial_rivers_large_a, uniq_sigmund
D:3:      minmay_spotlight, layout_basic, pdpol_wu_jian_five_deadly_venoms,
          uniq_robin
D:4:      layout_cave_pools
D:5:      layout_basic, mainiacjoe_overflow_six_doors_small, uniq_duvessa,
          uniq_grinder, uniq_pikel

Skill      XL: |  1  2  3  4  5  6  7 |
---------------+----------------------+-----
Summonings     | 2 3 4 |  4.6
Dodging        | 2 3 4 |  4.0
Shields        | 2 |  2.0
Fighting       | 3 4 |  4.3
Maces & Flails | |  1.0
Spellcasting   | |  4.0
Evocations     | |  1.1

Action                   |  1- 3 |  4- 6 |  7- 9 || total
-------------------------+-------+-------+-------++-------
Melee: Hand axe          |    53 |     6 |       ||    59
       Constrict         |    21 |    45 |    12 ||    78
       Tentacles         |     8 |    19 |    10 ||    37
       Whip              |       |   163 |    12 ||   175
       Dagger            |       |       |    12 ||    12
 Cast: Call Imp          |    10 |     3 |     7 ||    20
       Magic Dart        |     2 |       |       ||     2
       Call Canine Famil |       |     6 |     2 ||     8
  Use: Potion            |     1 |     4 |     1 ||     6
       Scroll            |       |     7 |       ||     7
 Stab: Sleeping          |     2 |     4 |       ||     6
Armor: Skin              |     6 |    16 |       ||    22
Dodge: Dodged            |    28 |    96 |    18 ||   142

Table legend: (Time is in decaauts)
 A = Elapsed time spent in this place.
 B = Non-inter-level travel time spent in this place.
 C = Inter-level travel time spent in this place.
 D = Time resting spent in this place.
 E = Time spent auto-exploring this place.
 F = Levels seen in this place.
 G = Mean time per level.
                   A        B        C        D        E       F      G
               +--------+--------+--------+--------+--------+-----+--------+
         Total |   6108 |   5842 |    266 |   1841 |   3063 |   5 | 1221.6 |
       Dungeon |   6108 |   5842 |    266 |   1841 |   3063 |   5 | 1221.6 |
               +--------+--------+--------+--------+--------+-----+--------+

Top non-repeatable levels by time:
     D:3: 1751 daAuts
     D:1: 1711 daAuts
     D:4: 1035 daAuts
     D:2: 848 daAuts
     D:5: 761 daAuts
